 Dungeon Crawl Stone Soup version 0.19.4-10-g532645f (webtiles) character file.

370 raph the Skirmisher (level 6, -1/84 HPs)
             Began as a Minotaur Abyssal Knight on Feb 23, 2017.
             Was a Believer of Lugonu.
             Killed by a spatial distortion (3 damage)
             ... on level 4 of the Dungeon.
             The game lasted 00:09:47 (3425 turns).

raph the Skirmisher (Minotaur Abyssal Knight)       Turns: 3425, Time: 00:09:47

Health: -1/84      AC: 23    Str: 16    XL:     6   Next: 42%
Magic:  5/7        EV:  2    Int:  9    God:    Lugonu [**....]
Gold:   129        SH:  0    Dex: 12    Spells: 0 memorised, 5 levels left

rFire  . . .     SeeInvis .     r - -3 mace (curse)
rCold  . . .     Gourm    .     (armour currently unavailable)
rNeg   + + +     Faith    .     (no shield)
rPois  +         Spirit   .     (helmet currently unavailable)
rElec  .         Reflect  .     (cloak currently unavailable)
rCorr  .         Harm     .     (gloves currently unavailable)
MR     .....     NoTele   +     (boots currently unavailable)
Stlth  +.........               (no amulet)
                                (no ring)
                                (no ring)

@: tree-form, glowing
A: (retaliatory headbutt), (horns 0)
a: Depart the Abyss, Bend Space, Renounce Religion


You were on level 4 of the Dungeon.
You worshipped Lugonu.
Lugonu was pleased with you.
You were not hungry.
You were a tree.
You visited 1 branch of the dungeon, and saw 4 of its levels.
You visited the Abyss 1 time.

You collected 129 gold pieces.

Inventory:

Hand Weapons
 a - a +2 mace
 p - a +0 mace
 r - a cursed -3 mace (weapon)
Missiles
 q - 8 tomahawks (quivered)
Armour
 b - a +0 leather armour
 k - a +0 cloak (melded)
 n - a +0 scale mail
 v - a +1 plate armour (melded)
Wands
 t - a wand of slowing (32/48)
Scrolls
 i - 2 scrolls of magic mapping
 j - a scroll of enchant weapon
Potions
 d - 2 potions of ambrosia
 e - 2 potions of brilliance
 g - 2 potions of flight
 m - a potion of lignification
 o - a potion of curing
 s - a potion of resistance {unknown}
 w - a potion of mutation {unknown}
Comestibles
 c - a bread ration
 f - a meat ration
 h - a chunk of flesh
 l - a slice of pizza
 u - a beef jerky


   Skills:
 * Level 5.4 Fighting
 * Level 5.0 Maces & Flails
 + Level 3.8 Armour
 + Level 2.4 Dodging
 + Level 3.2 Invocations


You had 5 spell levels left.
You didn't know any spells.

Dungeon Overview and Level Annotations

Branches:
Dungeon (4/15)
 Temple: D:4-7

Altars:
The Shining One

Annotations:
D:3 PubliusNaso's ghost, amateur HEWr


Innate Abilities, Weirdness & Mutations

((You reflexively headbutt those who attack you in melee.))
((You have a pair of horns on your head.))


Message History

The gnoll shaman hits you but does no damage.
You barely miss the gnoll shaman. The gnoll hits you but does no damage.
The worker ant bites you but does no damage.
The gnoll throws a stone.
The stone hits you but does no damage. The gnoll hits you but does no damage.
The gnoll shaman invokes the aid of its god against you.
You are outlined in light.
The gnoll completely misses you.
You hit the gnoll but do no damage.
The worker ant bites you but does no damage.
The gnoll completely misses you.
The gnoll shaman calls upon its god to speed up the gnoll.
The gnoll seems to speed up.
The worker ant bites you but does no damage.
The gnoll hits you with a halberd.
* * * LOW HITPOINT WARNING * * *
Space bends around you!
You blink.
* * * LOW HITPOINT WARNING * * *
The gnoll hits you but does no damage. Space bends around you!
You blink.
You die...

..g...####...#
.###$..# #... ..
###.## ##
#.####..########
........##.....##
............[...##
...........g.§...#
..........(......#
########....g...♣#
#..g......#
#.ag......#
#...(.....#
#.........#
#.........#
#.........#
#.........#
##.......##


You could see a gnoll shaman, a worker ant and 3 gnolls.

Vanquished Creatures
  Crazy Yiuf (D:2)
  3 orc wizards (D:3)
  2 worker ants (D:4)
  A hound skeleton (D:4)
  A gnoll (D:3)
  8 adders
  An ooze (D:3)
  A worm (D:3)
  2 dart slugs
  4 leopard geckos
  10 orcs (D:3)
  13 giant cockroaches
  7 goblins
  7 hobgoblins
  6 jackals
  3 quokkas (D:2)
  8 bats
  6 frilled lizards
  11 kobolds
  7 rats
102 creatures vanquished.

Notes
Turn   | Place    | Note
-------+----------+-------------------------------------------
     0 | Abyss:1  | raph the Minotaur Abyssal Knight began the quest for the Orb.
     0 | Abyss:1  | Reached XP level 1. HP: 19/19 MP: 1/1
    16 | D:1      | Escaped the Abyss
   187 | D:1      | Reached XP level 2. HP: 27/27 MP: 2/2
   216 | D:1      | Reached * piety under Lugonu
   679 | D:1      | Reached XP level 3. HP: 8/33 MP: 3/3
  1425 | D:2      | Reached XP level 4. HP: 34/41 MP: 4/4
  1602 | D:2      | Found a runed door.
  1606 | D:2      | Noticed Crazy Yiuf
  1616 | D:2      | Killed Crazy Yiuf
  1866 | D:2      | Reached ** piety under Lugonu
  1964 | D:2      | Reached XP level 5. HP: 44/47 MP: 6/6
  2006 | D:3      | Found a glowing golden altar of the Shining One.
  2448 | D:3      | Reached skill level 5 in Fighting
  2965 | D:3      | Reached XP level 6. HP: 55/56 MP: 7/7
  3177 | D:3      | Noticed PubliusNaso's ghost (amateur HEWr)
  3322 | D:4      | Reached skill level 5 in Maces & Flails
  3421 | D:4      | HP: 4/84 [gnoll/stone (2)]
  3425 | D:4      | Killed by a spatial distortion

Skill      XL: |  1  2  3  4  5  6 |
---------------+-------------------+-----
Invocations    | 2 3 |  3.2
Fighting       | 4 5 |  5.4
Maces & Flails | 3 4 5 |  5.0
Armour         | 3 |  3.8
Dodging        | 2 |  2.4

Action                   |  1- 3 |  4- 6 || total
-------------------------+-------+-------++-------
Melee: Mace              |    20 |   210 ||   230
       Whip              |    89 |       ||    89
       Headbutt          |    16 |    30 ||    46
Invok: Depart the Abyss  |     1 |       ||     1
       Bend Space        |       |     5 ||     5
  Use: Scroll            |     6 |     3 ||     9
       Potion            |       |     2 ||     2
  Eat: Chunk             |     2 |     6 ||     8
Armor: Leather armour    |    19 |       ||    19
       Scale mail        |    45 |    62 ||   107
       Plate armour      |       |    86 ||    86
       Skin              |       |    11 ||    11
Dodge: Dodged            |    65 |   102 ||   167
